 Dungeon Crawl Stone Soup version 0.22-a0-367-gb72a975 (webtiles) character file.

133 khargal the Shield-Bearer (level 5, -2/33 HPs)
             Began as a Gargoyle Fighter on Apr 22, 2018.
             Slain by Feta's ghost (5 damage)
             ... on level 3 of the Dungeon.
             The game lasted 00:03:55 (2155 turns).

khargal the Shield-Bearer (Gargoyle Fighter)        Turns: 2155, Time: 00:03:55

Health: -2/33      AC: 13    Str: 21    XL:     5   Next: 16%
Magic:  5/5        EV:  7    Int:  8    God:
Gold:   62         SH:  9    Dex:  9    Spells: 4/4 levels left

rFire    . . .     SeeInvis .   a - +1 flail
rCold    . . .     Gourm    .   c - +0 shield
rNeg     + . .     Faith    .   b - +0 scale mail
rPois    ∞         Spirit   .   m - +0 helmet
rElec    +         Reflect  .   (no cloak)
rCorr    .         Harm     .   (no gloves)
MR       .....                  j - +0 pair of boots
Stlth    ..........             (no amulet)
HPRegen  0.11/turn              (no ring)
MPRegen  0.09/turn              (no ring)

@: no status effects
A: negative energy resistance 1, electricity resistance, unbreathing,
petrification resistance, rot immunity, AC +4
a: no special abilities


You were on level 3 of the Dungeon.
You were not hungry.

You visited 1 branch of the dungeon, and saw 3 of its levels.

You collected 62 gold pieces.

Inventory:

Hand Weapons
 a - a +1 flail (weapon)
Missiles
 g - 3 curare-tipped needles
Armour
 b - a +0 scale mail (worn)
 c - a +0 shield (worn)
 j - a +0 pair of boots (worn)
 m - a +0 helmet (worn)
Wands
 n - a wand of disintegration (11)
Scrolls
 i - a scroll of amnesia
 l - 4 scrolls of identify
Potions
 e - a potion of degeneration {unknown}
 h - 2 potions of curing {unknown}
 k - 2 potions of flight {unknown}
Comestibles
 d - 3 chunks of flesh
 f - 6 rations


   Skills:
 + Level 3.7 Fighting
 + Level 3.3 Maces & Flails
 + Level 4.0 Armour
 + Level 4.5 Shields


You had 4 spell levels left.
You didn't know any spells.

Dungeon Overview and Level Annotations

Branches:
Dungeon (3/15)

Altars:
Fedhas
Ru

Annotations:
D:3 Feta's ghost, amateur BaFE


Innate Abilities, Weirdness & Mutations

You are resistant to torment.
Your stone body is resilient. (AC +4)
You are immune to poison.
You resist negative energy. (rN+)
You are resistant to electric shocks. (rElec)
You can survive without breathing.
You are immune to petrification.
You are immune to rotting.


Message History

The puff of flame hits you!
You miss Feta's ghost.
Feta's ghost is severely damaged.
You block Feta's ghost's attack.
You closely miss Feta's ghost.
Feta's ghost is severely damaged.
Feta's ghost gestures at you while chanting.
The puff of flame hits you!
Feta's ghost gestures at you while chanting.
The flame tongue hits you!
* * * LOW HITPOINT WARNING * * *
You hit Feta's ghost.
Feta's ghost is severely damaged.
Feta's ghost points at you and mumbles some strange words.
The puff of flame hits you!
* * * LOW HITPOINT WARNING * * *
You hit Feta's ghost.
Feta's ghost is almost destroyed.
Feta's ghost hits you.
You die...

### # #######.# ###########
#.lW..l.# #..........
#.#####W# #.#########
#.#####.# ####.#########
#.....#.# ####.............
#W.##.#.###.....##.########
#.l##.#.lW@........#
#..##.#####........#
....#..............#
#.....#.############.....#
#........ ............#
#..#..... ########....#
...#..... ####....#
.K.#.#...#### #.......#
............######.......#


You could see Feta's ghost and a leopard gecko.

Vanquished Creatures
  A howler monkey (D:2)
  An orc wizard (D:3)
  3 adders
  A leopard gecko (D:3)
  An orc (D:3)
  6 goblins
  2 hobgoblins (D:2)
  7 jackals
  A quokka (D:3)
  A ball python (D:2)
  4 bats
  4 frilled lizards
  5 kobolds
  6 rats
43 creatures vanquished.

Notes
Turn   | Place    | Note
-------+----------+-------------------------------------------
     0 | D:1      | khargal the Gargoyle Fighter began the quest for the Orb.
     0 | D:1      | Reached XP level 1. HP: 14/14 MP: 1/1
   741 | D:2      | Reached XP level 2. HP: 19/19 MP: 2/2
  1175 | D:2      | Reached XP level 3. HP: 20/23 MP: 3/3
  1234 | D:2      | Found a blossoming altar of Fedhas.
  1290 | D:2      | You fall through a shaft!
  1557 | D:2      | Reached XP level 4. HP: 4/29 MP: 4/4
  2011 | D:3      | Found a sacrificial altar of Ru.
  2017 | D:3      | Reached XP level 5. HP: 32/33 MP: 5/5
  2121 | D:3      | Noticed Feta's ghost (amateur BaFE)
  2155 | D:3      | Slain by Feta's ghost

Vault maps used:
D:1:      scummos_arrival_simple_crosswalls
D:2:      first_ration, grunt_decor_cap, fedhas_altar_3
D:3:      nicolae_ru_great_annihilating_truth, cheibrodos_sewer_entry_bend,
          uniq_robin, uniq_sigmund

Skill      XL: |  1  2  3  4 |
---------------+-------------+-----
Shields        | 4 |  4.5
Maces & Flails | 3 |  3.3
Armour         | 4 |  4.0
Fighting       | |  3.7

Action                   |  1- 3 |  4- 6 || total
-------------------------+-------+-------++-------
Melee: Flail             |   201 |    69 ||   270
  Use: Scroll            |     4 |       ||     4
       Potion            |       |     1 ||     1
 Stab: Paralysed         |       |     2 ||     2
  Eat: Chunk             |     3 |     2 ||     5
Armor: Scale mail        |   181 |    51 ||   232
Dodge: Dodged            |   109 |    29 ||   138
Block: Shield            |   145 |    47 ||   192

Table legend:
 A = Spawn XP
 B = Non-spawn XP
 C = Spawn XP percentage of total XP
 D = Spawn monster count
 E = Non-spawn monster count
 F = Spawn count percentage of total count
 G = Total turns spent on level
                    A         B        C        D         E        F      G
               +---------+---------+-------+---------+---------+-------+---------
         Total |       0 |     190 |   0.0 |       0 |      43 |   0.0 |  2155
               +---------+---------+-------+---------+---------+-------+---------
           D:1 |       0 |       8 |   0.0 |       0 |       6 |   0.0 |   681
           D:2 |       0 |     102 |   0.0 |       0 |      21 |   0.0 |  1129
           D:3 |       0 |      80 |   0.0 |       0 |      16 |   0.0 |   345
               +---------+---------+-------+---------+---------+-------+---------
